 Dungeon Crawl Stone Soup version 0.20.1-1-g8b1a95d (webtiles) character file.

1407 Jazqa the Fighter (level 8, 0/117 HPs)
             Began as a Minotaur Fighter on Oct 27, 2017.
             Slain by Pikel
             ... wielding a +0 whip of electrocution
              (9 damage)
             ... on level 6 of the Dungeon.
             The game lasted 00:05:07 (3832 turns).

Jazqa the Fighter (Minotaur Fighter)                Turns: 3832, Time: 00:05:08

Health: 0/117      AC: 24    Str: 21    XL:     8   Next: 42%
Magic:  7/7        EV:  2    Int:  5    God:
Gold:   230        SH: 10    Dex: 12    Spells: 7/7 levels left

rFire    . . .     SeeInvis .   a - +1 flail
rCold    . . .     Gourm    .   c - +1 shield
rNeg     + + +     Faith    .   (armour currently unavailable)
rPois    +         Spirit   .   (helmet currently unavailable)
rElec    .         Reflect  .   (cloak currently unavailable)
rCorr    .         Harm     .   (gloves currently unavailable)
MR       .....     NoTele   +   (boots currently unavailable)
Stlth    +.........             (no amulet)
Regen    0.3/turn               E - +1 ring of evasion
MPRegen  0.1/turn               (no ring)

@: tree-form
A: (retaliatory headbutt)
a: no special abilities


You were on level 6 of the Dungeon.
You were not hungry.
You were a tree.
You visited 1 branch of the dungeon, and saw 6 of its levels.

You collected 230 gold pieces.


Innate Abilities, Weirdness & Mutations

((You reflexively headbutt those who attack you in melee.))
((You have a pair of horns on your head.))


   Skills:
 + Level 9.5 Fighting
 + Level 9.1 Maces & Flails
 - Level 3.6 Armour
 - Level 3.6 Shields


You had 7 spell levels left.
You didn't know any spells.

Inventory:

Hand Weapons
 a - a +1 flail (weapon)
Armour
 b - a +0 scale mail (melded)
 c - a +1 shield (worn)
 s - a +0 pair of boots (melded)
Magical Staves
 w - an uncursed staff of earth {unknown}
Jewellery
 l - an uncursed ring of protection from cold {unknown}
 E - a +1 ring of evasion (left branch)
Wands
 p - a wand of disintegration (16/24)
Scrolls
 i - 4 scrolls of identify {@r1}
 m - a scroll of teleportation {@r4}
 n - 3 scrolls of remove curse {@r2}
 u - 2 scrolls of enchant armour
Potions
 e - 4 potions of curing {@q1}
 g - a potion of flight {unknown}
 h - a potion of invisibility
 k - a potion of lignification {!q}
 o - a potion of magic {unknown}
 t - a potion of degeneration {unknown}
 v - a potion of cancellation {unknown}
Books
 q - a book of Cantrips

   Spells                             Type                      Level
   a - Confusing Touch                Hexes                        1
   b - Animate Skeleton               Necromancy                   1
   c - Summon Small Mammal            Summoning                    1
   d - Apportation                    Translocation                1
Comestibles
 d - 2 chunks of flesh
 f - 3 bread rations {@e1}
 j - 4 royal jellies {@e3}
 r - a meat ration {@e1}

Dungeon Overview and Level Annotations

Branches:
Dungeon (6/15)
 Temple: D:4-7

Altars:

Annotations:
D:6 Pikel

#. #. .p #p #p #
######p . ..
<....#K## .# .#
.......♣####.##.#
..........#...#.# #.
......?.#..# ..##..#
.....#.....# ..... .
#...##.###.###..#<...
#### #.#.....<.......
#.#..####.##....
#.#.. .# . #$#.. .#


You could see Pikel (berserk) and 4 slaves.


Message History

Unknown command.
Really quaff
k - 2 potions of lignification {!q}?
Okay, then.
Really quaff
k - 2 potions of lignification {!q}?
You turn into a tree.
Your +0 pair of boots melds into your body.
Your +0 scale mail melds into your body.
Your roots penetrate the ground.
Pikel hits you but does no damage.
You are electrocuted!
* * * LOW HITPOINT WARNING * * *
You closely miss Pikel.
Pikel is severely wounded.
You block Pikel's attack.
Pikel hits you with a whip of electrocution.
* * * LOW HITPOINT WARNING * * *
You thump Pikel!
Pikel is severely wounded.
Pikel barely misses you.
You thump Pikel!
Pikel is almost dead.
You block Pikel's attack. Pikel hits you but does no damage.
You closely miss Pikel.
Pikel is almost dead.
You block Pikel's attack.
Pikel hits you with a whip of electrocution!
* * * LOW HITPOINT WARNING * * *
You hit Pikel.
Pikel is almost dead.
Pikel hits you with a whip of electrocution!
You die...

Skill      XL: |  1  2  3  4  5  6  7  8 |
---------------+-------------------------+-----
Fighting       | 4 5 6 7 8 9 |  9.5
Maces & Flails | 3 4 5 6 8 9 |  9.1
Armour         | |  3.6
Shields        | |  3.6

Action                   |  1- 3 |  4- 6 |  7- 9 || total
-------------------------+-------+-------+-------++-------
Melee: Flail             |    74 |   110 |   145 ||   329
       Headbutt          |     9 |    21 |    24 ||    54
  Use: Scroll            |     3 |     5 |     4 ||    12
       Potion            |     1 |     1 |     1 ||     3
  Eat: Chunk             |       |     5 |     5 ||    10
Armor: Scale mail        |    56 |    41 |    38 ||   135
       Skin              |       |       |     2 ||     2
Dodge: Dodged            |    31 |    44 |    41 ||   116
Block: Shield            |    67 |    61 |    66 ||   194

Vault maps used:
D:1:      tarquinn_simple_flora_water_b
D:2:      kennysheep_big_flooded_room, first_bread, uniq_natasha, uniq_robin
D:3:      cheibrodos_fertilizer
D:5:      minmay_small_thing
D:6:      temple_statues, nicolae_for_you_no_charge, uniq_pikel

Notes
Turn   | Place    | Note
-------+----------+-------------------------------------------
     0 | D:1      | Jazqa the Minotaur Fighter began the quest for the Orb.
     0 | D:1      | Reached XP level 1. HP: 19/19 MP: 0/0
   174 | D:1      | Reached skill level 4 in Fighting
   175 | D:1      | Reached XP level 2. HP: 24/27 MP: 1/1
   197 | D:1      | Reached skill level 3 in Maces & Flails
   634 | D:2      | Noticed Robin
   636 | D:2      | Reached XP level 3. HP: 33/33 MP: 2/2
   638 | D:2      | Noticed Natasha
   642 | D:2      | Killed Robin
   648 | D:2      | Killed Natasha
   648 | D:2      | Reached skill level 4 in Maces & Flails
   650 | D:2      | Reached XP level 4. HP: 25/41 MP: 3/3
  1033 | D:2      | Noticed Natasha
  1042 | D:2      | Killed Natasha
  1042 | D:2      | Reached skill level 5 in Fighting
  1226 | D:2      | Noticed Natasha
  1231 | D:2      | Killed Natasha
  1295 | D:2      | Reached XP level 5. HP: 44/48 MP: 4/4
  1455 | D:3      | Reached skill level 5 in Maces & Flails
  1459 | D:3      | Reached skill level 6 in Fighting
  1464 | D:3      | Reached XP level 6. HP: 30/57 MP: 5/5
  2276 | D:4      | Reached skill level 6 in Maces & Flails
  2454 | D:4      | Reached skill level 7 in Fighting
  2488 | D:4      | Reached XP level 7. HP: 61/66 MP: 6/6
  2758 | D:4      | Reached skill level 7 in Maces & Flails
  2818 | D:5      | Entered Level 5 of the Dungeon
  2999 | D:5      | Reached skill level 8 in Fighting
  3127 | D:5      | Reached skill level 8 in Maces & Flails
  3189 | D:5      | Reached XP level 8. HP: 75/75 MP: 7/7
  3230 | D:5      | Reached skill level 9 in Fighting
  3382 | D:5      | Reached skill level 9 in Maces & Flails
  3811 | D:6      | Noticed Pikel
  3831 | D:6      | HP: 9/117 [Pikel/whip of electrocution (8)]
  3832 | D:6      | Slain by Pikel

Vanquished Creatures
  A black bear (D:4)
  4 ogres
  A phantom (D:4)
  2 scorpions
  2 howler monkeys
  A bullfrog zombie (D:5)
  2 hounds (D:5)
  3 jellies (D:3)
  3 orc wizards (D:5)
  2 iguanas
  2 worker ants
  Natasha (thrice) (D:2)
  Robin (D:2)
  4 gnolls
  8 adders
  9 oozes (D:3)
  An adder zombie (D:5)
  2 worms
  3 leopard geckos
  15 orcs
  4 ball pythons
  2 giant cockroaches
  12 hobgoblins
  3 quokkas
  9 bats
  7 frilled lizards
  9 goblins
  14 kobolds
  2 rats
131 creatures vanquished.

Vanquished Creatures (others)
  9 toadstools (D:3)
9 creatures vanquished.

Grand Total: 140 creatures vanquished
